Map: Frozen Temple

Players

Odveta - Winner!

  • Race: Zerg Zerg
  • League: Diamond

eXULTANCe

  • Race: Protoss Protoss
  • League: Diamond

VOD

Have the link to the VOD?

Description

Time

  • Played on: Oct. 17, 2016, 6:24 p.m.
  • Length: 6:23
Show
View Real Time Build Order
Export as new Build Order

Odveta Zerg - Winner!

Build Orders: Pool First 

Get SALT Encoding   

  12  0:01  Drone  
  13  0:10  Drone  
  14  0:17  Overlord  
  14  0:26  Drone, Extractor x2  
  13  0:30  Drone  
  16  0:35  Drone  
  17  0:56  Spawning Pool  
  16  1:05  Drone x3  
  16  1:08  Extractor  
  18  1:17  Drone  
  19  1:32  Drone, Hatchery  
  19  1:47  Drone, Roach Warren  
  19  1:48  Drone  
  19  1:51  Extractor  
  19  1:59  Drone  
  20  2:10  Drone  
  21  2:17  Lair  
  21  2:22  Drone  
  22  2:35  Overlord  
  22  2:44  Roach  
  22  2:46  Roach  
  22  2:48  Queen  
  28  2:53  Overlord  
  28  2:57  Roach  
  30  3:06  Roach x2  
  34  3:16  Roach  
  34  3:17  Glial Reconstitution  
  34  3:19  Roach  
  38  3:22  Ravager  
  39  3:30  Roach  
  39  3:31  Roach  
  43  3:37  Overlord  
  43  3:44  Ravager  
  43  3:45  Overlord  
  44  4:01  Roach x3  
  50  4:06  Roach  
  52  4:13  Roach  
  52  4:14  Roach  
  56  4:22  Roach x2  
  60  4:31  Overlord  
  56  4:48  Roach x3  
  56  4:58  Roach  
  56  4:59  Roach  
  51  5:06  Roach x2  
  53  5:10  Burrow  
  51  5:20  Roach  
  51  5:21  Roach  
  53  5:30  Roach x2  
  53  5:34  Roach  
  57  5:41  Roach  
  59  5:46  Roach  
  59  5:47  Drone  
  51  5:57  Roach x2  
Show
View Real Time Build Order
Export as new Build Order

eXULTANCe Protoss 

Build Orders: Forge Fast Expand (FFE) 

Get SALT Encoding   

  12  0:01  Probe (Chrono Boost)  
  13  0:12  Probe (Chrono Boost)  
  14  0:18  Pylon  
  14  0:22  Probe (Chrono Boost)  
  15  0:36  Probe (Chrono Boost)  
  15  0:39  Forge  
  16  0:47  Probe (Chrono Boost)  
  17  0:57  Probe (Chrono Boost)  
  18  1:08  Probe (Chrono Boost)  
  19  1:18  Probe (Chrono Boost)  
  20  1:26  Nexus  
  20  1:34  Photon Cannon  
  20  1:48  Gateway  
  20  1:53  Probe (Chrono Boost)  
  21  1:55  Assimilator  
  21  1:56  Assimilator  
  21  2:01  Pylon  
  21  2:05  Probe (Chrono Boost)  
  22  2:15  Probe (Chrono Boost)  
  23  2:26  Probe (Chrono Boost)  
  24  2:38  Photon Cannon  
  24  2:39  Zealot  
  24  2:43  Cybernetics Core  
  26  2:54  Probe (Chrono Boost)  
  26  2:56  Probe (Chrono Boost)  
  28  2:58  Pylon  
  28  3:03  Zealot  
  28  3:05  Photon Cannon  
  30  3:21  Robotics Facility  
  30  3:26  Probe (Chrono Boost)  
  32  3:28  Probe (Chrono Boost)  
  32  3:36  Pylon, Warp Gate  
  32  3:37  Probe (Chrono Boost)  
  32  3:40  Probe (Chrono Boost)  
  32  3:41  Zealot  
  37  3:48  Probe (Chrono Boost)  
  37  3:52  Probe (Chrono Boost)  
  38  3:59  Probe (Chrono Boost)  
  39  4:04  Probe (Chrono Boost)  
  39  4:09  Probe (Chrono Boost)  
  43  4:17  Pylon  
  43  4:20  Immortal, Mothership Core (Chrono Boost)  
  45  4:28  Stalker  
  45  4:29  Gateway  
  45  4:30  Gateway  
  49  4:37  Pylon  
  41  4:53  Probe x2 (Chrono Boost)  
  41  4:55  Immortal  
  41  4:59  Stalker  
  39  5:05  Probe x2 (Chrono Boost)  
  30  5:31  Probe x2 (Chrono Boost)  
  29  5:40  Zealot  
  29  5:41  Zealot  
  26  5:43  Probe (Chrono Boost)  
  24  5:54  Sentry  
  24  5:59  Probe x2 (Chrono Boost)  
  24  6:02  Sentry  
  29  6:11  Probe (Chrono Boost)  
  29  6:13  Zealot  
  25  6:19  Stalker  
Tags
 
Add a new tag
Caveats
  • Supply blocks, unpowered buildings, or Contaminate may cause inaccurate times.
  • Supply counts are checked every 10 seconds.